 Dungeon Crawl Stone Soup version 0.28.0-43-g3370ac3207 (webtiles) character file.

Game seed: 17775768176270323526

46 ultragoat the Digger (level 3, -6/26 HPs)
             Began as a Draconian Earth Elementalist on Mar 11, 2022.
             Killed by divine providence
             ... invoked by an orc priest
              (13 damage)
             ... on level 3 of the Dungeon.
             The game lasted 00:10:56 (1751 turns).

ultragoat the Digger (Draconian Earth Elementalist) Turns: 1751, Time: 00:10:57

Health: -6/26      AC:  5    Str: 10    XL:     3   Next: 46%
Magic:  2/6        EV: 12    Int: 17    God:
Gold:   46         SH:  0    Dex: 11    Spells: 3/7 levels left

rFire   . . .      SeeInvis .   (no weapon)
rCold   . . .      Faith    .   (no shield)
rNeg    . . .      Spirit   .   (armour unavailable)
rPois   .          Reflect  .   (helmet restricted)
rElec   .          Harm     .   (no cloak)
rCorr   .          Rampage  .   (no gloves)
Will    .....                   (no boots)
Stlth   ++........              (no amulet)
HPRegen 0.08/turn               (no ring)
MPRegen 0.10/turn               (no ring)

@: no status effects
A: AC +5, unfitting armour, cold-blooded
a: no special abilities


You were on level 3 of the Dungeon.
You visited 1 branch of the dungeon, and saw 3 of its levels.

You collected 46 gold pieces.

Inventory:

Missiles
 b - 79 stones
Scrolls
 a - a scroll of immolation
Potions
 e - a potion of haste
 f - 2 potions of curing


   Skills:
 - Level 2.0 Dodging
 - Level 2.0 Stealth
 + Level 2.5 Spellcasting
 + Level 1.9 Transmutations
 + Level 3.4 Earth Magic


You had 3 spell levels left.
You knew the following spells:

 Your Spells              Type           Power      Damage    Failure   Level
a - Sandblast             Erth           28%        2d8       4%          1
b - Stone Arrow           Conj/Erth      16%        3d8       26%         3

Your spell library contained the following spells:

 Spells                   Type           Power      Damage    Failure   Level
 Passwall                 Tmut/Erth      9%         N/A       9%          2
 Petrify                  Tmut/Erth      11%        N/A       52%         4


Dungeon Overview and Level Annotations

Branches:
Dungeon (3/15)

Altars:

Annotations:
D:1 exclusion: downstairs
D:2 Jessica


Innate Abilities, Weirdness & Mutations

Your plain brown scales are hard. (AC +5)
You cannot fit into any form of body armour.
You are cold-blooded and may be slowed by cold attacks.


Message History

The blast of sand misses the orc.
The blast of sand hits the orc priest.
The orc priest is lightly wounded.
The orc hits you with a +0 club.
Casting: Sandblast (safe; 4% risk of failure)
Confirm with . or Enter, or press ? or * to list all spells.
Aiming: Sandblast (safe; 4% risk of failure)
Press: ? - help, Shift-Dir - straight line, f/p - orc
Aim: an orc, wielding a +0 club and wearing a +0 leather armour (79% to hit)
The blast of sand hits the orc.
The orc is moderately wounded.
The orc closely misses you.
The orc priest calls upon Beogh to heal the orc.
The orc's wounds heal themselves!
Casting: Sandblast (safe; 4% risk of failure)
Confirm with . or Enter, or press ? or * to list all spells.
Aiming: Sandblast (safe; 4% risk of failure)
Press: ? - help, Shift-Dir - straight line, f/p - orc
Aim: an orc, wielding a +0 club and wearing a +0 leather armour (79% to hit)
The blast of sand hits the orc.
The orc is severely wounded.
The orc hits you but does no damage.
Casting: Sandblast (safe; 4% risk of failure)
Confirm with . or Enter, or press ? or * to list all spells.
Aiming: Sandblast (safe; 4% risk of failure)
Press: ? - help, Shift-Dir - straight line, f/p - orc
Aim: an orc, wielding a +0 club and wearing a +0 leather armour (severely wounded, 79% to hit)
The blast of sand misses the orc.
The blast of sand hits the orc priest!
The orc priest is almost dead.
The orc closely misses you.
The orc priest calls down the wrath of Beogh upon you.
Beogh smites you!
Ouch! That really hurt!
The orc hits you with a +0 club.
* * * LOW HITPOINT WARNING * * *
Found 12 gold pieces.
There is a stone staircase leading down here.
The orc priest calls down the wrath of Beogh upon you.
Beogh smites you!
Ouch! That really hurt!
You die...

#.......oo..
####.###.......
#.##.......
#.#.......#
#)#.......#
#.#.......####
#.##.........#
#o#......$#
#.#..o.o@.#
#####.#.......#
#..†.).......##
#.......#...##
#......######
#......#
#......#
#......#
########


You could see an orc priest and an orc.

Vanquished Creatures
  An adder (D:2)
  An orc (D:3)
  6 ball pythons (D:1)
  6 endoplasms
  A giant cockroach (D:1)
  5 goblins
  2 hobgoblins
  2 kobolds
  2 bats
  2 frilled lizards (D:1)
  5 rats
33 creatures vanquished.

Notes
Turn   | Place    | Note
-------+----------+-------------------------------------------
     0 | D:1      | ultragoat the Draconian Earth Elementalist began the quest
                  | for the Orb.
     0 | D:1      | Reached XP level 1. HP: 14/14 MP: 3/3
   322 | D:1      | Reached XP level 2. HP: 20/20 MP: 3/5
  1457 | D:2      | Reached XP level 3. HP: 26/26 MP: 2/6
  1461 | D:2      | Learned a level 3 spell: Stone Arrow
  1659 | D:2      | Noticed Jessica
  1751 | D:3      | Killed from afar by an orc priest

Illustrated notes

Levels and vault maps discovered:
D:1:      dpeg_arrival_rhombi, layout_basic
D:2:      layout_basic, serial_rivers, chequers_serial_rivers_large_b,
          chequers_serial_rivers_micro_a, chequers_serial_rivers_micro_a,
          chequers_serial_rivers_micro_e, serial_shops, shop_fountains,
          chequers_serial_rivers_micro_d, uniq_jessica
D:3:      layout_rooms, regret_index_temple_of_mockery,
          mainiacjoe_overflow_six_doors_small, minivault_25,
          nicolae_figureground_pulse, uniq_terence

Skill      XL: |  1  2 |
---------------+-------+-----
Stealth        | 2 |  2.0
Dodging        | 2 |  2.0
Spellcasting   | |  2.5
Transmutations | |  1.9
Earth Magic    | |  3.4

Action                   || total
-------------------------++-------
Melee: Unarmed           ||     9
       Tailslap          ||     2
 Cast: Sandblast         ||    45
  Use: Scroll            ||     6
       Potion            ||     2
Armor: Skin              ||    20
Dodge: Dodged            ||    16
